 Dungeon Crawl Stone Soup version 0.29.0-13-gc9e81de378 (webtiles) character file.

Game seed: 14294176918053560423

191 blackman the Ruffian (level 5, 0/41 HPs)
             Began as a Demonspawn Fighter on Sept 11, 2022.
             Slain by a mummy (12 damage)
             ... in an ossuary.
             The game lasted 00:06:04 (4789 turns).

blackman the Ruffian (Demonspawn Fighter)           Turns: 4789, Time: 00:06:05

Health: 0/41       AC: 10    Str: 16    XL:     5   Next: 41%
Magic:  5/5        EV:  4    Int: 12    God:
Gold:   204        SH:  9    Dex: 18    Spells: 4/4 levels left

rFire   . . .      SeeInvis .   p - +0 morningstar
rCold   . . .      Faith    .   k - +0 kite shield
rNeg    . . .      Spirit   .   r - +0 chain mail
rPois   .          Reflect  .   (no helmet)
rElec   .          Harm     .   (no cloak)
rCorr   +          Rampage  .   (no gloves)
Will    .....                   (no boots)
Stlth   ..........              (no amulet)
HPRegen 0.13/turn               o - +6 ring of dexterity
MPRegen 0.09/turn               f - ring of resist corrosion

@: mighty, marked
A: claws 2, icy blue scales 1
a: no special abilities


You were in an ossuary.
You visited 1 branch of the dungeon, and saw 4 of its levels.
You also visited: Ossuary.

You collected 204 gold pieces.

Inventory:

Hand Weapons
 n - a +0 mace of protection
 p - a +0 morningstar (weapon)
Missiles
 q - 4 poisoned darts (quivered)
Armour
 b - a +0 scale mail
 c - a +0 buckler
 k - a +0 kite shield (worn)
 r - a +0 chain mail (worn)
Jewellery
 f - a ring of resist corrosion (right claw)
 o - a +6 ring of dexterity (left claw)
Scrolls
 a - 2 scrolls of enchant weapon {unknown}
 e - a scroll of poison {unknown}
 g - a scroll of immolation {unknown}
 h - a scroll of magic mapping {unknown}
 m - a scroll of teleportation {unknown}
 s - 2 scrolls of identify {unknown}
 t - a scroll of noise {unknown}
 u - a scroll of amnesia {unknown}
 v - a scroll of blinking {unknown}
Potions
 i - 2 potions of flight {unknown}
 j - 2 potions of haste {unknown}
 l - a potion of heal wounds {unknown}


   Skills:
 - Level 3.0 Fighting
 - Level 2.5 Axes
 - Level 2.6 Armour
 - Level 2.6 Shields
 * Level 4.3 Unarmed Combat


You had 4 spell levels left.
You didn't know any spells.
Your spell library was empty.

Dungeon Overview and Level Annotations

Branches:
Dungeon (4/15)            Ossuary (1/1)
 Temple: D:4-7

Altars:


Innate Abilities, Weirdness & Mutations

You have very sharp fingernails.
You are partially covered in icy blue scales. (AC +2)


Message History

The centaur zombie hits you but does no damage.
The centaur zombie kicks you but does no damage.
The centaur zombie hits you but does no damage.
The centaur zombie kicks you but does no damage.
A mummy comes into view.
You sock the centaur zombie!
The centaur zombie is severely damaged.
You block the centaur zombie's attack. x2
The centaur zombie barely misses you.
The centaur zombie kicks you but does no damage.
The centaur zombie hits you but does no damage.
The centaur zombie barely misses you.
You barely miss the mummy.
The centaur zombie hits you but does no damage.
You block the centaur zombie's attack.
A rat zombie comes into view.
You block the centaur zombie's attack.
The centaur zombie completely misses you.
You barely miss the mummy.
The centaur zombie hits you but does no damage.
The centaur zombie barely misses you. You block the centaur zombie's attack.
The centaur zombie kicks you. The mummy hits you.
You hit the mummy.
The mummy is lightly damaged.
You block the centaur zombie's attack.
The centaur zombie kicks you but does no damage.
The centaur zombie hits you.
The centaur zombie kicks you but does no damage.
The mummy completely misses you.
You hit the mummy.
The mummy is lightly damaged.
You block the centaur zombie's attack. The centaur zombie barely misses you.
The centaur zombie hits you but does no damage.
You block the centaur zombie's attack. The mummy hits you!
You feel very mighty all of a sudden. The centaur zombie hits you.
The centaur zombie kicks you. The centaur zombie hits you.
* * * LOW HITPOINT WARNING * * *
The centaur zombie barely misses you. The mummy hits you!
You die...

#....................#
#....................#
#........8..8........#
#....................#
#...######^.######...#
#...# #.^# #...# #...#
#.^# #...#
#...#Z####ZZ####.#...#
#...#ZZM@ZMZ.....#...#
#...#Z####Z......#...#
#...# #.......#...#
#...# #.......#...#
#...# #.∩.....#...#
#...# ....+####...#
#...# #...# #...#
#...# ...# #...#
#...##############...#


You could see 2 mummies, an adder zombie, 2 rat zombies, a jackal zombie, a
goblin zombie, a hobgoblin zombie and 3 centaur zombies.

Vanquished Creatures
  An orc wizard (D:3)
  4 gnolls
  4 adders
  A worm (D:3)
  2 dart slugs
  10 orcs
  3 ball pythons
  5 endoplasms
  A giant cockroach (D:2)
  5 goblins
  3 hobgoblins
  3 jackals (D:1)
  4 kobolds (D:1)
  2 quokkas (D:2)
  A bat (D:2)
  A frilled lizard (D:2)
  5 hobgoblin zombies (Ossuary)
  10 kobold zombies (Ossuary)
  7 orc zombies (Ossuary)
  7 rats
79 creatures vanquished.

Vanquished Creatures (others)
  2 fungi (D:1)
  4 plants (D:1)
6 creatures vanquished.

Grand Total: 85 creatures vanquished

Notes
Turn   | Place    | Note
-------+----------+-------------------------------------------
     0 | D:1      | blackman the Demonspawn Fighter began the quest for the
                  | Orb.
     0 | D:1      | Reached XP level 1. HP: 18/18 MP: 1/1
   173 | D:1      | Gained mutation: You have sharp fingernails. [demonic
                  | ancestry]
   173 | D:1      | Reached XP level 2. HP: 24/24 MP: 2/2
   443 | D:1      | Reached skill level 1 in Unarmed Combat
   545 | D:1      | Found a faded altar of an unknown god.
   871 | D:2      | Gained mutation: You are partially covered in icy blue
                  | scales. (AC +2) [demonic ancestry]
   871 | D:2      | Reached XP level 3. HP: 20/29 MP: 3/3
   991 | D:2      | Reached skill level 2 in Unarmed Combat
  2316 | D:3      | Reached skill level 3 in Unarmed Combat
  2316 | D:3      | Gained mutation: You have very sharp fingernails. [demonic
                  | ancestry]
  2316 | D:3      | Reached XP level 4. HP: 35/35 MP: 4/4
  3230 | D:2      | Reached XP level 5. HP: 23/41 MP: 5/5
  3670 | D:3      | Reached skill level 4 in Unarmed Combat
  4471 | D:4      | Found a sand-covered staircase.
  4492 | Ossuary  | Entered an ossuary
  4789 | Ossuary  | Slain by a mummy

Illustrated notes

Levels and vault maps discovered:
D:1:      elethiomel_arrival_infinity_welcomes_careful_drivers, layout_rooms,
          serial_forest, infiniplex_forest_corner_2,
          infiniplex_forest_clump_cross, infiniplex_forest_lined_4_way,
          infiniplex_forest_clump_C, infiniplex_forest_lined_3,
          infiniplex_forest_straight_2, infiniplex_forest_end_2,
          infiniplex_forest_lined_3, shapermc_ecumenical_altar_ellora
D:2:      layout_loops_ring
D:3:      layout_loops_ring, grunt_decor_fettered
D:4:      layout_rooms, lemuel_round_altar, elyvilon_altar_1,
          nicolae_ossuary_entry_monument
Ossuary:  ossuary_tomb_1

Skill      XL: |  1  2  3  4  5 |
---------------+----------------+-----
Axes           | 2 |  2.5
Unarmed Combat | 1 3 4 |  4.3
Fighting       | |  3.0
Armour         | |  2.6
Shields        | |  2.6

Action                   |  1- 3 |  4- 6 || total
-------------------------+-------+-------++-------
Melee: War axe           |   106 |       ||   106
       Mace              |     9 |    12 ||    21
       Morningstar       |       |   117 ||   117
  Use: Potion            |       |     1 ||     1
Armor: Scale mail        |    49 |    11 ||    60
       Chain mail        |       |    90 ||    90
Dodge: Dodged            |    41 |    35 ||    76
Block: Buckler           |    13 |       ||    13
       Kite shield       |    25 |    68 ||    93
